 Dungeon Crawl Stone Soup version 0.29-a0-993-g4a18f31a58 (webtiles) character file.

Game seed: 10945183520521551491

428 tbh1313 the Cudgeller (level 6, -3/37 HPs)
             Began as a Gargoyle Fighter on Aug 3, 2022.
             Slain by a killer bee (7 damage)
             ... on level 5 of the Dungeon.
             The game lasted 00:06:23 (4614 turns).

tbh1313 the Cudgeller (Gargoyle Fighter)            Turns: 4614, Time: 00:06:23

Health: -3/37      AC: 14    Str: 22    XL:     6   Next: 98%
Magic:  6/6        EV:  9    Int: 14    God:
Gold:   170        SH:  4    Dex:  9    Spells: 5/5 levels left

rFire   . . .      SeeInvis .   a - +1 flail
rCold   . . .      Faith    .   c - +0 buckler
rNeg    + . .      Spirit   .   b - +0 scale mail
rPois   ∞          Reflect  .   (no helmet)
rElec   +          Harm     .   e - +0 cloak
rCorr   .          Rampage  .   l - +1 pair of gloves
Will    .....                   (no boots)
Stlth   ..........              (no amulet)
HPRegen 0.12/turn               m - +6 ring of intelligence
MPRegen 0.10/turn               (no ring)

@: no status effects
A: sickness immunity, AC +4, negative energy resistance 1, electricity
resistance, torment resistance 1, petrification resistance
a: no special abilities


You were on level 5 of the Dungeon.
You visited 1 branch of the dungeon, and saw 5 of its levels.

You collected 170 gold pieces.

Inventory:

Hand Weapons
 a - a +1 flail (weapon)
Armour
 b - a +0 scale mail (worn)
 c - a +0 buckler (worn)
 e - a +0 cloak (worn)
 l - a +1 pair of gloves (worn)
Jewellery
 m - a +6 ring of intelligence (left hand)
Wands
 h - a wand of flame (23)
Scrolls
 f - a scroll of butterflies
Potions
 g - 3 potions of curing
 j - 2 potions of lignification
 k - a potion of degeneration {unknown}
 n - a potion of flight {unknown}
 o - a potion of attraction {unknown}


   Skills:
 - Level 3.2 Fighting
 + Level 6.3 Maces & Flails
 - Level 3.2 Armour
 - Level 5.0 Shields


You had 5 spell levels left.
You didn't know any spells.
Your spell library was empty.

Dungeon Overview and Level Annotations

Branches:
Dungeon (5/15)
 Temple: D:4-7

Altars:
Ashenzari
Elyvilon
Ru
Sif Muna
Trog
Zin


Innate Abilities, Weirdness & Mutations

You are immune to sickness and miasma.
Your stone body is resilient. (AC +4)
You are immune to poison.
You resist negative energy. (rN+)
You are resistant to electric shocks. (rElec)
You are resistant to unholy torment.
You are immune to petrification.


Message History

You block the killer bee's attack.
You closely miss the killer bee.
The killer bee stings you but does no damage.
The killer bee barely misses you. You block the killer bee's attack. x2
The killer bee stings you but does no damage.
The killer bee barely misses you. x2
The killer bee stings you but does no damage.
You feel much better. The killer bee barely misses you.
The killer bee stings you but does no damage.
The killer bee barely misses you. x2; The killer bee stings you.
The killer bee stings you but does no damage.
You sock the killer bee!
The killer bee is heavily wounded.
The killer bee stings you but does no damage.
The killer bee stings you.
The killer bee stings you but does no damage. x2
The killer bee barely misses you. x2
You miss the killer bee.
The killer bee is heavily wounded.
You hear the slow rusting of a very distant drain.
The killer bee stings you but does no damage.
The killer bee barely misses you. The killer bee stings you!
You block the killer bee's attack. The killer bee stings you.
The killer bee stings you but does no damage.
You closely miss the killer bee.
The killer bee is heavily wounded.
The killer bee closely misses you. The killer bee barely misses you.
You block the killer bee's attack. The killer bee stings you.
* * * LOW HITPOINT WARNING * * *
The killer bee misses you. The killer bee barely misses you.
You miss the killer bee.
The killer bee is heavily wounded.
The killer bee stings you but does no damage.
You block the killer bee's attack. The killer bee closely misses you.
The killer bee stings you but does no damage.
The killer bee stings you.
* * * LOW HITPOINT WARNING * * *
The killer bee stings you!
You die...

...# ...
... .. .#
##.## #yy.#
####@#
######..y.#
#.........#
#....######
#.####....#
#....†...)#
#....####.#
######....#
#..)......#


You could see 3 killer bees.

Levels and vault maps discovered:
D:1:      minmay_arrival_four_loops, layout_basic, patterned_corridor
D:2:      layout_loops_ring
D:3:      layout_basic, mainiacjoe_overflow_concentric_impassable,
          nicolae_overflow_ecumenical_swirl, elyvilon_altar_5, bloody_trog,
          grunt_ministairs_4, uniq_terence
D:4:      layout_basic, lemuel_blue_sif_altar, mainiacjoe_overflow_boulevard
D:5:      minmay_angry_zag, layout_basic, vehumet_altar_wand_db,
          minmay_temple_entry_gardened_gates, portal_sewer_entry_a,
          uniq_eustachio, uniq_menkaure

Notes
Turn   | Place    | Note
-------+----------+-------------------------------------------
     0 | D:1      | tbh1313 the Gargoyle Fighter began the quest for the Orb.
     0 | D:1      | Reached XP level 1. HP: 14/14 MP: 1/1
   144 | D:1      | Reached XP level 2. HP: 17/19 MP: 2/2
   290 | D:1      | Reached skill level 3 in Maces & Flails
  1052 | D:2      | Reached XP level 3. HP: 21/23 MP: 3/3
  1355 | D:2      | Reached XP level 4. HP: 23/28 MP: 4/4
  2220 | D:3      | Found a bloodstained altar of Trog.
  2601 | D:3      | Found a white marble altar of Elyvilon.
  2625 | D:3      | Reached skill level 4 in Maces & Flails
  2875 | D:3      | Found a sacrificial altar of Ru.
  2876 | D:3      | Noticed Terence
  2887 | D:3      | Killed Terence
  2888 | D:3      | Reached XP level 5. HP: 22/32 MP: 5/5
  3066 | D:3      | Found a faded altar of an unknown god.
  3335 | D:3      | Found a glowing silver altar of Zin.
  3725 | D:4      | Reached skill level 5 in Shields
  4112 | D:4      | Reached skill level 5 in Maces & Flails
  4112 | D:4      | Reached XP level 6. HP: 34/37 MP: 6/6
  4186 | D:4      | Found a shimmering blue altar of Sif Muna.
  4432 | D:4      | Found a broken altar of Ashenzari.
  4469 | D:5      | Entered Level 5 of the Dungeon
  4604 | D:5      | Reached skill level 6 in Maces & Flails
  4614 | D:5      | Slain by a killer bee

Table legend: (Time is in decaauts)
 A = Elapsed time spent in this place.
 B = Non-inter-level travel time spent in this place.
 C = Inter-level travel time spent in this place.
 D = Time resting spent in this place.
 E = Time spent auto-exploring this place.
 F = Levels seen in this place.
 G = Mean time per level.
                   A        B        C        D        E       F      G
               +--------+--------+--------+--------+--------+-----+--------+
         Total |   4699 |   4586 |    113 |    815 |   3070 |   5 |  939.8 |
       Dungeon |   4699 |   4586 |    113 |    815 |   3070 |   5 |  939.8 |
               +--------+--------+--------+--------+--------+-----+--------+

Top non-repeatable levels by time:
     D:3: 1552 daAuts
     D:1: 1042 daAuts
     D:4: 977 daAuts
     D:2: 974 daAuts
     D:5: 152 daAuts

Table legend:
 A = Kills in this place as a percentage of kills in entire the game.
 B = Kills by you in this place as a percentage of kills by you in the entire game.
 C = Kills by friends in this place as a percentage of kills by friends in the entire game.
 D = Other kills in this place as a percentage of other kills in the entire game.
 E = Experience gained in this place as a percentage of experience gained in the entire game.
 F = Experience gained in this place divided by the number of levels of this place that you have seen.
                   A       B       C       D       E      F
               +-------+-------+-------+-------+-------+----------------------
         Total | 100.0 | 100.0 |   N/A |   N/A | 100.0 | 122.4
       Dungeon | 100.0 | 100.0 |   N/A |   N/A | 100.0 | 122.4
               +-------+-------+-------+-------+-------+----------------------

Action                   |  1- 3 |  4- 6 || total
-------------------------+-------+-------++-------
Melee: Flail             |   135 |   221 ||   356
  Use: Potion            |       |     3 ||     3
       Scroll            |       |     9 ||     9
Armor: Scale mail        |    95 |   151 ||   246
Dodge: Dodged            |    58 |   155 ||   213
Block: Buckler           |    34 |    60 ||    94

Vanquished Creatures
  An ogre (D:5)
  A killer bee (D:5)
  A hound (D:5)
  2 jellies
  Terence (D:3)
  An iguana (D:4)
  3 adders (D:2)
  4 gnolls (D:3)
  An ufetubus (D:4)
  2 worms
  3 orcs
  8 bats
  10 endoplasms
  4 giant cockroaches
  6 goblins
  4 hobgoblins
  13 jackals
  2 quokkas
  5 ball pythons
  3 frilled lizards
  8 kobolds
  3 rats (D:1)
86 creatures vanquished.
